 Dungeon Crawl Stone Soup version 0.28.0-43-g3370ac3207 (webtiles) character file.

Game seed: 13347070805601501541

163 KittyFluff the Skirmisher (level 5, -2/33 (42) HPs)
             Began as a Demonspawn Berserker on Mar 24, 2022.
             Was a Believer of Trog.
             Slain by a gnoll
             ... wielding a +0 whip
              (3 damage)
             ... on level 3 of the Dungeon.
             The game lasted 00:11:48 (3678 turns).

KittyFluff the Skirmisher (Demonspawn Berserker)    Turns: 3678, Time: 00:11:48

HP:   -2/33 (42)    AC:  3    Str: 17    XL:     5   Next: 20%
MP:   0/14          EV: 11    Int:  9    God:    Trog [**....]
Gold: 115           SH: 14    Dex: 14    Spells: 4/4 levels left

rFire   . . .      SeeInvis .   a - +0 mace
rCold   . . .      Faith    .   j - +2 kite shield
rNeg    . . .      Spirit   +   b - +0 animal skin
rPois   .          Reflect  .   (no helmet)
rElec   .          Harm     .   (no cloak)
rCorr   .          Rampage  .   (no gloves)
Will    .....                   m - +0 pair of boots
Stlth   +.........              d - amulet of guardian spirit
HPRegen 0.11/turn               h - ring of magical power
MPRegen 0.14/turn               (no ring)

@: on berserk cooldown, slowed, heavily drained, very slow
A: condensation shield, demonic magic 1, weakness stinger 1
a: Renounce Religion, Berserk, Trog's Hand


You were on level 3 of the Dungeon.
You worshipped Trog.
Trog was pleased with you.
You visited 1 branch of the dungeon, and saw 3 of its levels.

You collected 115 gold pieces.

Inventory:

Hand Weapons
 a - a +0 mace (weapon)
 c - a +0 quarterstaff
Missiles
 e - 26 sling bullets
 f - 67 stones (quivered)
 g - 4 poisoned darts
 k - 65 bolts
Armour
 b - a +0 animal skin (worn)
 j - a +2 kite shield (worn)
 m - a +0 pair of boots (worn)
Jewellery
 d - an amulet of guardian spirit (around neck)
 h - a ring of magical power (left hand)
Scrolls
 i - 3 scrolls of identify {unknown}
 n - a scroll of amnesia {unknown}
 p - 3 scrolls of silence {unknown}
Potions
 l - a potion of curing {unknown}
 o - a potion of magic {unknown}


   Skills:
 + Level 3.6 Fighting
 + Level 3.5(3.7) Maces & Flails
 + Level 1.6(2.8) Staves
 + Level 1.8 Armour
 * Level 2.7 Dodging
 + Level 0.5 Stealth
 * Level 1.4 Shields


You had 4 spell levels left.
You didn't know any spells.
Your spell library was empty.

Dungeon Overview and Level Annotations

Branches:
Dungeon (3/15)

Altars:
Elyvilon
Yredelemnul


Innate Abilities, Weirdness & Mutations

A meltable shield of frost defends you. (SH +4)
Spells you cast may paralyse adjacent enemies.
You have a small tail.


Message History

You feel yourself moving faster!
You feel mighty!
The gnoll hits you with a +0 flail of draining.
* * * LOW HITPOINT WARNING * * *
You feel drained.
You barely miss the gnoll.
The gnoll is moderately wounded.
You block the gnoll's attack.
You thump the gnoll!
The gnoll is severely wounded.
You sock the gnoll!
You kill the gnoll!
Trog accepts your kill.
You start resting.
A bat is nearby!
You feel a strong urge to attack something.
You closely miss the bat. The bat hits you.
* * * LOW HITPOINT WARNING * * *
A gnoll comes into view. It is wielding a +0 whip.
The gnoll shouts!
You feel a strong urge to attack something.
You are no longer berserk.
You are exhausted.
You feel yourself slow down. The bat barely misses you.
The bat hits you but does no damage.
You barely miss the gnoll.
Your tail-slap misses the gnoll.
You block the bat's attack. You block the gnoll's attack.
The gnoll barely misses you. The bat hits you but does no damage.
You hit the gnoll.
The gnoll is moderately wounded.
You block the bat's attack. The gnoll completely misses you.
A gnoll comes into view. It is wielding a +0 spear.
The gnoll hits you with a +0 whip!
* * * LOW HITPOINT WARNING * * *
You block the bat's attack.
You closely miss the gnoll.
The gnoll is moderately wounded.
The bat hits you but does no damage. The bat closely misses you.
You block the bat's attack. You block the gnoll's attack. x2
The gnoll hits you with a +0 whip.
You die...

.######.#
#.#..##########.....###
........
.......................
......#.
##.#.####..#############
......#. .........)...#
...... ###.####..###.#
###### ... #......# ####
##.# #...#### ...#
#...##$.<..# <#.#
#.b.@g....# ##.#
#.g###.#### ...# .....
.... .##### # #####.
#.##.# .....#.### ## #..
# ...#...... #.# ....#
## .. ....+ .. ....#


You could see 2 gnolls and a bat.

Vanquished Creatures
  5 adders
  5 gnolls
  A worm (D:2)
  2 dart slugs (D:1)
  An orc (D:3)
  4 ball pythons
  4 bats
  8 endoplasms
  A giant cockroach (D:2)
  11 goblins
  7 hobgoblins
  3 kobolds
  2 quokkas
  4 rats
58 creatures vanquished.

Vanquished Creatures (others)
  A plant (D:1)
1 creature vanquished.

Grand Total: 59 creatures vanquished

Notes
Turn   | Place    | Note
-------+----------+-------------------------------------------
     0 | D:1      | KittyFluff the Demonspawn Berserker began the quest for the
                  | Orb.
     0 | D:1      | Reached XP level 1. HP: 18/18 MP: 1/1
   337 | D:1      | Gained mutation: Spells you cast may paralyse adjacent
                  | enemies. [demonic ancestry]
   337 | D:1      | Reached XP level 2. HP: 24/24 MP: 2/2
   625 | D:1      | Reached skill level 1 in Staves
   678 | D:1      | Found a faded altar of an unknown god.
  1286 | D:1      | Gained mutation: You have a small tail. [demonic ancestry]
  1286 | D:1      | Reached XP level 3. HP: 21/29 MP: 3/3
  2481 | D:2      | Gained mutation: A meltable shield of frost defends you.
                  | (SH +4) [demonic ancestry]
  2481 | D:2      | Reached XP level 4. HP: 19/35 MP: 4/4
  2674 | D:2      | Reached skill level 1 in Shields
  3259 | D:3      | Reached ** piety under Trog
  3507 | D:3      | Found a basalt altar of Yredelemnul.
  3515 | D:3      | Reached XP level 5. HP: 41/41 MP: 5/5
  3677 | D:3      | HP: 1/33 [gnoll/+0 whip (4)]
  3678 | D:3      | Slain by a gnoll

Illustrated notes

Levels and vault maps discovered:
D:1:      kilobyte_arrival_exit_the_forest, layout_basic,
          dilly_ecumenical_altar_fadedgnrine, serial_corexii_hall,
          chequers_hall_statues_wall_a, corexii_hall_statues_t,
          chequers_hall_statues_wall_a, kennysheep_crisscross
D:2:      minmay_skewed_foursquare, layout_basic, minivault_26
D:3:      layout_basic, yredelemnul_altar_generic, grunt_temple_overflow_open,
          elyvilon_altar_1

Skill      XL: |  1  2  3  4 |
---------------+-------------+-----
Dodging        | 2 |  2.7
Staves         | 1 |  1.6
Maces & Flails | 3 |  3.5
Shields        | 1 |  1.4
Fighting       | |  3.6
Armour         | |  1.8
Stealth        | |  0.5

Action                   |  1- 3 |  4- 6 || total
-------------------------+-------+-------++-------
Melee: Quarterstaff      |    44 |       ||    44
       Mace              |    71 |    86 ||   157
       Tailslap          |     6 |    11 ||    17
Throw: Stone             |     2 |       ||     2
Invok: Berserk           |       |     2 ||     2
 Stab: Sleeping          |       |     2 ||     2
Armor: Animal skin       |    25 |    15 ||    40
Dodge: Dodged            |    82 |    26 ||   108
Block: Kite shield       |    46 |    81 ||   127
